 Dungeon Crawl Stone Soup version 0.23.2-1-ga50397a (webtiles) character file.

Game seed: 5714135895141080972

2341 Fang the Skirmisher (level 9, -9/57 HPs)
             Began as a Gargoyle Berserker on May 20, 2019.
             Was an Elder of Trog.
             Mangled by Harold
             ... wielding a +2 short sword of distortion
              (21 damage)
             ... on level 7 of the Dungeon.
             The game lasted 00:08:12 (6500 turns).

Fang the Skirmisher (Gargoyle Berserker)            Turns: 6500, Time: 00:08:12

Health: -9/57      AC: 21    Str: 25    XL:     9   Next: 43%
Magic:  9/9        EV: 13    Int:  7    God:    Trog [****..]
Gold:   440        SH:  0    Dex:  9    Spells: 8/8 levels left

rFire    + . .     SeeInvis .   a - +0 hand axe
rCold    . . .     Gourm    .   (no shield)
rNeg     + . .     Faith    .   b - +2 plate armour {rF+}
rPois    ∞         Spirit   .   (no helmet)
rElec    +         Reflect  .   (no cloak)
rCorr    .         Harm     .   (no gloves)
MR       .....                  (no boots)
Stlth    ..........             (no amulet)
HPRegen  0.19/turn              p - +4 ring of evasion
MPRegen  0.11/turn              v - ring of attention (curse)

@: marked, berserk cooldown, slowed, very slow
A: negative energy resistance 1, electricity resistance, unbreathing,
petrification resistance, rot immunity, AC +6
a: Berserk, Trog's Hand, Brothers in Arms, Renounce Religion


You were on level 7 of the Dungeon.
You worshipped Trog.
Trog was greatly pleased with you.
You were not hungry.

You visited 2 branches of the dungeon, and saw 8 of its levels.

You collected 440 gold pieces.

Inventory:

Hand Weapons
 a - a +0 hand axe (weapon)
Armour
 b - a +2 plate armour of fire resistance (worn)
Jewellery
 p - a +4 ring of evasion (left hand)
 q - an uncursed ring of protection from cold
 v - a cursed ring of attention (right hand)
 y - a +5 ring of strength {unknown}
Wands
 n - a wand of flame (5)
 r - a wand of iceblast (8)
 t - a wand of digging (4)
 x - a wand of acid (4)
Scrolls
 e - 2 scrolls of remove curse {unknown}
 g - 2 scrolls of fear {unknown}
 h - 3 scrolls of teleportation {unknown}
 j - 6 scrolls of identify {unknown}
 k - 2 scrolls of blinking {unknown}
 m - a scroll of noise {unknown}
 u - 2 scrolls of magic mapping {unknown}
 w - 2 scrolls of enchant armour {unknown}
 z - a scroll of amnesia {unknown}
Potions
 d - 3 potions of heal wounds {unknown}
 f - a potion of resistance {unknown}
 i - 3 potions of curing
 l - 3 potions of lignification {unknown}
 o - a potion of might
 s - a potion of brilliance {unknown}
Comestibles
 c - 9 rations


   Skills:
 + Level 7.5 Fighting
 + Level 6.3 Axes
 + Level 7.0 Armour
 + Level 5.3 Dodging


You had 8 spell levels left.
You didn't know any spells.
Your spell library was empty.

Dungeon Overview and Level Annotations

Branches:
Dungeon (7/15)             Temple (1/1) D:5

Altars:
Ashenzari
Cheibriados
Fedhas
Gozag
Kikubaaqudgha
Makhleb
Ru
Sif Muna
Vehumet
Xom
Zin

Annotations:
D:7 Harold


Innate Abilities, Weirdness & Mutations

You are resistant to torment.
Your stone body is resilient. (AC +6)
You are immune to poison.
You resist negative energy. (rN+)
You are resistant to electric shocks. (rElec)
You can survive without breathing.
You are immune to petrification.
You are immune to rotting.


Message History

The leopard gecko barely misses you.
The leopard gecko bites you but does no damage.
The leopard gecko misses you. The leopard gecko barely misses you.
Harold points at you and mumbles some strange words.
You barely resist. Harold hits you but does no damage. Space bends around you.
The leopard gecko bites you but does no damage.
The leopard gecko closely misses you.
Harold hits you with a +2 short sword of distortion.
Space warps horribly around you!
* * * LOW HITPOINT WARNING * * *
The orc hits you but does no damage. The leopard gecko barely misses you.
Harold hits you but does no damage. Space bends around you.
* * * LOW HITPOINT WARNING * * *
The leopard gecko closely misses you.
The leopard gecko bites you but does no damage.
It was a potion of curing.
You feel better. The leopard gecko closely misses you.
Harold hits you but does no damage. Space warps horribly around you!!
You die...

.######...#.....#...
#....##...###.#####.
#....##.........#...
##....##....†..#.#...
..?..##.....#.#.....
#..........# #.#.).
#.....#.##...#.#...
##.....#+######.###.
#..@@.......# #.....
#...lo....#.# #.#...
#.........#.# #.....
###.........# ##....
#.........# #....
#.........# #....
#.........# #....
#.........# ####'
#.........# #.


You could see Harold, an orc and a leopard gecko.

Vanquished Creatures
  Pikel (D:5)
  A sky beast (D:7)
  Duvessa (D:4)
  An ogre (D:4)
  A necrophage (D:7)
  A centaur (D:7)
  3 bullfrogs
  Dowan (D:4)
  3 scorpions
  A howler monkey (D:5)
  4 crimson imps
  A jelly (D:6)
  3 orc wizards
  A bullfrog skeleton (D:7)
  2 hounds
  2 orc priests
  2 centaur skeletons
  Natasha (twice) (D:2)
  Ijyb (D:5)
  3 iguanas
  5 worker ants
  A hound zombie (D:3)
  A howler monkey skeleton (D:3)
  7 gnolls
  8 adders
  A shadow imp (D:5)
  3 adder skeletons
  An adder zombie (D:3)
  A worm (D:3)
  A dart slug (D:5)
  6 leopard geckos
  13 orcs
  6 giant cockroaches
  7 goblins
  2 hobgoblins
  6 jackals
  12 kobolds
  6 quokkas
  3 ball pythons
  2 bats
  3 frilled lizards
  A giant cockroach zombie (D:3)
  7 rats
138 creatures vanquished.

Vanquished Creatures (others)
  4 toadstools (D:1)
4 creatures vanquished.

Grand Total: 142 creatures vanquished

Notes
Turn   | Place    | Note
-------+----------+-------------------------------------------
     0 | D:1      | Fang the Gargoyle Berserker began the quest for the Orb.
     0 | D:1      | Reached XP level 1. HP: 14/14 MP: 1/1
    45 | D:1      | Reached XP level 2. HP: 7/19 MP: 2/2
   545 | D:1      | Reached XP level 3. HP: 20/23 MP: 3/3
   858 | D:2      | Reached ** piety under Trog
  1090 | D:2      | Noticed Natasha
  1099 | D:2      | Killed Natasha
  1099 | D:2      | Reached XP level 4. HP: 17/29 MP: 4/4
  1100 | D:2      | Noticed Natasha
  1106 | D:2      | Killed Natasha
  1867 | D:3      | Reached XP level 5. HP: 33/33 MP: 5/5
  2142 | D:3      | Found a blossoming altar of Fedhas.
  2420 | D:3      | Found a burning altar of Makhleb.
  2627 | D:4      | Reached XP level 6. HP: 27/39 MP: 6/6
  2746 | D:4      | Found an opulent altar of Gozag.
  2912 | D:4      | Reached skill level 5 in Fighting
  2925 | D:4      | Reached XP level 7. HP: 44/44 MP: 7/7
  2983 | D:4      | Reached *** piety under Trog
  2997 | D:4      | Noticed Duvessa
  3001 | D:4      | Noticed Dowan
  3009 | D:4      | Killed Dowan
  3025 | D:4      | Killed Duvessa
  3418 | D:5      | Entered Level 5 of the Dungeon
  3743 | D:5      | Noticed Ijyb
  3749 | D:5      | Reached skill level 5 in Armour
  3790 | D:5      | Killed Ijyb
  4041 | D:5      | Noticed Pikel
  4085 | D:5      | Killed Pikel
  4085 | D:5      | Reached skill level 5 in Axes
  4085 | D:5      | Reached XP level 8. HP: 52/52 MP: 8/8
  4126 | D:5      | Found a staircase to the Ecumenical Temple.
  4218 | Temple   | Entered the Ecumenical Temple
  4874 | D:6      | Received a gift from Trog
  4894 | D:6      | Found an opulent altar of Gozag.
  4966 | D:6      | Reached **** piety under Trog
  5156 | D:6      | Reached XP level 9. HP: 52/56 MP: 9/9
  5719 | D:7      | Reached skill level 5 in Dodging
  6408 | D:7      | Found a radiant altar of Vehumet.
  6408 | D:7      | Found a snail-covered altar of Cheibriados.
  6430 | D:7      | Noticed Harold
  6500 | D:7      | Mangled by Harold

Skill      XL: |  1  2  3  4  5  6  7  8  9 |
---------------+----------------------------+-----
Axes           | 3 4 5 6 |  6.3
Dodging        | 2 3 4 5 |  5.3
Fighting       | 4 5 6 7 |  7.5
Armour         | 3 4 5 6 7 |  7.0

Action                   |  1- 3 |  4- 6 |  7- 9 || total
-------------------------+-------+-------+-------++-------
Melee: Hand axe          |    96 |   195 |   491 ||   782
Invok: Berserk           |     1 |     2 |     6 ||     9
  Use: Potion            |       |       |     1 ||     1
  Eat: Chunk             |     2 |     6 |    17 ||    25
       Ration            |       |       |     1 ||     1
Armor: Animal skin       |    26 |    11 |       ||    37
       Plate armour      |       |   116 |   251 ||   367
Dodge: Dodged            |    65 |    89 |   291 ||   445
